 Dungeon Crawl Stone Soup version 0.30-a0-778-g2ef04afb54 (webtiles) character file.

Game seed: 4638316367812256162

119548 Lavandula the Tortoise (level 17, -3/117 HPs)
             Began as a Human Monk on Feb 14, 2023.
             Was a Priest of Elyvilon.
             Slain by a merfolk impaler
             ... wielding a +1 trident of distortion
              (21 damage)
             ... on level 2 of the Shoals on Feb 15, 2023.
             The game lasted 01:25:12 (37166 turns).

Lavandula the Tortoise (Human Monk)                Turns: 37166, Time: 01:25:13

Health: -3/117     AC: 31    Str: 20    XL:     17   Next: 34%
Magic:  27/30      EV: 10    Int: 13    God:    Elyvilon [***...]
Gold:   1064       SH: 19    Dex: 16    Spells: 31/34 levels left

rFire   + . .      SeeInvis .    O - +7 dagger (distort)
rCold   + + +      Faith    .    G - +3 kite shield {rC+ rF+}
rNeg    . . .      Spirit   .    y - +1 crystal plate armour {rC+}
rPois   .          Reflect  +    T - +0 hat {Will+}
rElec   +          Harm     .    B - +0 cloak
rCorr   .          Rampage  .    (no gloves)
Will    ++...                    W - +3 pair of mountain boots {steadfast, rC+} Stlth
                                 m - amulet of reflection
HPRegen 0.39/turn                C - ring of the Enemy {rElec EV+5 Str+3 Int+2}
MPRegen 0.22/turn                I - ring of protection from cold

@: unable to read
A: talons 1, dopey 1, frail 1, sense surroundings 1, wild magic 1, inability to
read after injury 1
a: Renounce Religion, Purification, Heal Other, Heal Self


You were on level 2 of the Shoals.
You worshipped Elyvilon.
Elyvilon was most pleased with you.
You visited 6 branches of the dungeon, and saw 26 of its levels.
You also visited: Gauntlet, Ice Cave and Volcano.

You collected 1798 gold pieces.
You spent 734 gold pieces at shops.

Inventory:

Hand Weapons
 H - a +2 rapier of electrocution
 O - a +7 dagger of distortion (weapon)
 S - a +1 double sword of freezing
Missiles
 z - 25 boomerangs (quivered)
 E - 25 poisoned darts
 Y - 7 javelins
Armour
 s - a +2 chain mail of poison resistance
 y - a +1 crystal plate armour of cold resistance (worn)
 A - a +1 helmet of see invisible
 B - a +0 cloak (worn)
 G - a +3 kite shield of resistance (worn)
 P - a +2 robe of cold resistance
 T - a +0 hat of willpower (worn)
 W - the +3 pair of mountain boots (worn) {steadfast, rC+}
   (You found it on level 5 of the Lair of Beasts)

   Steadfast: It prevents involuntary movement, except for blinking,
   teleportation, or banishment.
   rC:        It protects you from cold.
Jewellery
 a - a ring of see invisible
 j - a ring of resist corrosion
 m - an amulet of reflection (around neck)
 q - a ring of positive energy
 v - a ring of flight
 C - the ring of the Enemy (left hand) {rElec EV+5 Str+3 Int+2}
   (You found it in a Gauntlet)

   [ring of evasion]

   EV:        It affects your evasion (+5).
   Str:       It affects your strength (+3).
   Int:       It affects your intelligence (+2).
   rElec:     It insulates you from electricity.
 I - a ring of protection from cold (right hand)
 Z - a ring of protection from cold
Wands
 b - a wand of digging (1)
 x - a wand of iceblast (8)
 D - a wand of paralysis (7)
 N - a wand of polymorph (23)
 V - a wand of mindburst (15)
Scrolls
 f - 6 scrolls of identify
 k - 3 scrolls of amnesia
 l - 4 scrolls of silence
 r - 4 scrolls of poison
 J - 5 scrolls of vulnerability
 U - a scroll of magic mapping
Potions
 c - 5 potions of ambrosia
 d - 4 potions of attraction
 e - 2 potions of heal wounds
 g - 6 potions of mutation
 h - 4 potions of magic
 i - 6 potions of flight
 n - a potion of brilliance
 o - 2 potions of resistance
 p - 10 potions of curing
 t - 2 potions of berserk rage
 u - a potion of lignification
 w - 7 potions of might
 F - 7 potions of haste
 M - 3 potions of cancellation
 R - 4 potions of invisibility
Miscellaneous
 Q - a phantom mirror
 X - a tin of tremorstones (2/2)


   Skills:
 - Level 11.3 Fighting
 - Level 11.1(12.1) Short Blades
 - Level 8.0(10.7) Long Blades
 - Level 5.0 Throwing
 - Level 15.6 Armour
 - Level 6.3 Dodging
 - Level 2.0 Stealth
 + Level 9.6 Shields
 - Level 9.2 Spellcasting
 - Level 11.0 Invocations
 - Level 6.0 Evocations


You had 31 spell levels left.
You knew the following spells:

 Your Spells              Type           Power      Damage    Failure   Level
a - Blink                 Tloc           14%        N/A       100%        2
b - Apportation           Tloc           14%        N/A       100%        1

Your spell library contained the following spells:

 Spells                   Type           Power      Damage    Failure   Level
 Kiss of Death            Conj/Necr      28%        2d7       100%        1
 Necrotise                Necr           28%        1d5       100%        1
 Sandblast                Erth           14%        2d6       100%        1
 Summon Small Mammal      Summ           28%        N/A       100%        1
 Ensorcelled Hibernation  Hex/Ice        14%        N/A       100%        2
 Lesser Beckoning         Tloc           14%        N/A       100%        2
 Momentum Strike          Conj/Tloc      14%        3d8       100%        2
 Passwall                 Tmut/Erth      5%         N/A       100%        2
 Sublimation of Blood     Necr           7%         N/A       100%        2
 Wereblood                Tmut           7%         N/A       100%        2
 Confusing Touch          Hex            7%         N/A       100%        3
 Kindle Blastsparks       Fire/Tloc/Air  14%        2d11      100%        3
 Ozocubu's Armour         Ice            7%         N/A       100%        3
 Spider Form              Tmut/Pois      7%         N/A       100%        3
 Stone Arrow              Conj/Erth      14%        3d7       100%        3
 Summon Guardian Golem    Hex/Summ       7%         N/A       100%        3
 Vhi's Electric Charge    Tloc/Air       14%        N/A       100%        3
 Anguish                  Hex/Necr       3%         N/A       100%        4
 Animate Armour           Summ/Erth      14%        N/A       100%        4
 Dispel Undead            Necr           7%         3d8       100%        4
 Manifold Assault         Tloc           7%         N/A       100%        4
 Blade Hands              Tmut           3%         N/A       100%        5
 Metabolic Englaciation   Hex/Ice        3%         N/A       100%        5
 Summon Forest            Summ/Tloc      3%         N/A       100%        5
 Dispersal                Tloc           3%         N/A       100%        6
 Iron Shot                Conj/Erth      3%         9d2       100%        6
 Simulacrum               Ice/Necr       3%         N/A       100%        6
 Orb of Destruction       Conj           3%         9d5       100%        7
 Spellforged Servitor     Conj/Summ      3%         N/A       100%        7
 Storm Form               Tmut/Air       3%         N/A       100%        7
 Summon Hydra             Summ           3%         N/A       100%        7
 Lehudib's Crystal Spear  Conj/Erth      3%         10d3      100%        8


Dungeon Overview and Level Annotations

Branches:
Dungeon (15/15)            Temple (1/1) D:5            Lair (5/5) D:8
 Shoals (3/4) Lair:2       Spider (1/4) Lair:3        Slime (0/5) Lair:4
    Orc (0/2) D:10         Depths (1/4) D:15          IceCv (visited)
Volcano (visited)         Gauntlet (visited)
 Vaults: D:13-14

Altars:
Ashenzari
Cheibriados
Dithmenos
Elyvilon
Fedhas
Gozag
Hepliaklqana
Kikubaaqudgha
Makhleb
Nemelex Xobeh
Okawaru
Qazlal
Ru
Sif Muna
Trog
Uskayaw
Vehumet
Wu Jian
Xom
Yredelemnul
Zin
The Shining One
Jiyva

Shops:
D:1 [   D:10 ([   D:13 !   D:15 (   Shoals:3 (

Annotations:
D:10 exclusion: downstairs
D:14 Frances, Jorgrun


Innate Abilities, Weirdness & Mutations

You have sharp toenails.
You are dopey. (Int -2)
You are frail. (-10% HP)
You passively map a small area around you.
Your spells are a little harder to cast, but a little more powerful.
You occasionally lose the ability to read scrolls when taking damage.


Message History

Space warps around you.
* * * LOW HITPOINT WARNING * * *
You block the merfolk's attack.
Press: ? - help, Dir - move target, f - merfolk impaler Heal: a merfolk impaler, wielding a +1 trident of distortion and wearing a +0 leather armour (moderately wounded, chance to pacify: 27%)
The light of Elyvilon fails to reach the merfolk impaler.
You block the merfolk impaler's attack.
The merfolk impaler hits you with a +1 trident of distortion!
* * * LOW HITPOINT WARNING * * *
Space warps around you.
* * * LOW HITPOINT WARNING * * *
The merfolk hits you but does no damage.
Press: ? - help, Dir - move target, f - merfolk, p - merfolk impaler Heal: a merfolk, wielding a +0 trident (chance to pacify: 44%)
The merfolk turns neutral.
The merfolk impaler barely misses you. You block the merfolk's attack.
You hit the merfolk impaler.
The merfolk impaler is heavily wounded.
The merfolk impaler blinks!
There are monsters nearby!
Throw: 25 boomerangs
Press: ? - help, Q - select action, (/) - cycle Shift-Dir - straight line, f - merfolk impaler, p - merfolk
Aim: a merfolk impaler, wielding a +1 trident of distortion and wearing a +0 leather armour (heavily wounded, 44% to hit)
Okay, then.
The merfolk goes down the stairs.
Throw: 25 boomerangs
Press: ? - help, Q - select action, (/) - cycle Shift-Dir - straight line, f - merfolk impaler
Aim: a merfolk impaler, wielding a +1 trident of distortion and wearing a +0 leather armour (heavily wounded, 44% to hit)
You throw a boomerang. The boomerang hits the merfolk impaler!
The merfolk impaler is heavily wounded.
Throw: 25 boomerangs
Press: ? - help, Q - select action, (/) - cycle Shift-Dir - straight line, f/p - merfolk impaler
Aim: a merfolk impaler, wielding a +1 trident of distortion and wearing a +0 leather armour (heavily wounded, 44% to hit)
You throw a boomerang.
The boomerang misses the merfolk impaler.
The merfolk impaler hits you from afar with a +1 trident of distortion.
* * * LOW HITPOINT WARNING * * *
Space warps horribly around you!!
You feel threatened and lose the ability to read scrolls!
You die...

##~~~~......~..........~.......~.
#.~~~....#....##..........##....~
..~~~...###..###.........###....~
...~~...###......).#...)..##.....
...~.........^)#............##...
##....~~~.....##.~~..~~)..#.##...
..~..~~~~.~~.....~m).~~~.........
.~~...~~~~~~........~~~~.......^~
~~~~...~.~..##..@.>~~~.~~~~~~...~
~~~~~..~~.######.~~~~~~~~~~~~~...
~~~~~..~.###..###~~~P.....~~~~...
~~~~~~~~.###...##.~~~......~~..~≈
.~~~~~..###~...###..........~~~≈≈
..~~~~~.###~~~.# #..P.......~~~~~
..~~~~####~~~~~# ###......P.~~~~~
..~~~## ##~~~~### ###..P...~~~~~
..~#######~~≈≈~~~######....~~~~~~


You could see a merfolk impaler.

Vanquished Creatures
  Gastronok (D:9)
  A stone giant (D:15)
  2 merfolk impalers
  A merfolk javelineer (Shoals:1)
  2 rakshasas (Depths:1)
  A jorogumo (Lair:3)
  3 hydras
  4 boulder beetles
  An ironbound frostheart (IceCv)
  A tengu warrior (D:15)
  A merfolk avatar (Shoals:2)
  2 satyrs (Shoals:2)
  A centaur warrior (Shoals:1)
  A two-headed ogre (D:11)
  3 death yaks
  Amaemon (D:11)
  7 skeletal warriors
  3 sea snakes (Shoals:2)
  3 skysharks
  An orb spider (Lair:3)
  A harpy (shapeshifter) (D:15)
  2 deep elf pyromancers
  2 wolf spiders (D:15)
  A shining eye (Gauntlet)
  6 manticores
  6 fauns
  2 cyclopes
  8 ugly things
  5 elephants (Lair:4)
  2 black mambas
  Joseph (D:9)
  5 merfolk sirens
  5 salamanders (Volcano)
  2 water nymphs
  9 cane toads
  An eye of devastation (D:10)
  2 gargoyles
  3 komodo dragons
  A freezing wraith (D:15)
  2 rime drakes
  5 yaktaurs (D:13)
  Psyche (D:9)
  A tengu conjurer (D:8)
  3 trolls
  10 merfolk
  3 hornets
  7 polar bears
  A meliai (shapeshifter) (D:13)
  2 tarantellas
  5 blink frogs (Lair:4)
  3 dream sheep (Lair:5)
  3 snapping turtles (Shoals:2)
  A jumping spider (Spider:1)
  7 slime creatures
  A vampire (D:7)
  10 spriggans (Lair:5)
  3 culicivoras (Spider:1)
  2 wyverns
  56 yaks
  A spriggan (shapeshifter) (D:10)
  2 wraiths (D:12)
  10 water elementals
  2 fire bats
  A steam dragon (Lair:3)
  4 humans
  A redback (Spider:1)
  Grum (D:11)
  Menkaure (D:7)
  3 acid dragons
  2 hell hounds (Volcano)
  14 water moccasins
  6 orc warriors
  2 black bears
  3 ice beasts
  A sky beast (shapeshifter) (D:15)
  A sky beast (D:7)
  The ghost of Pascal76 the Poker, an amateur MfBe of Trog (D:3)
  59 wolves
  2 ogres (D:5)
  3 boggarts (Lair:5)
  4 centaurs
  A phantom (D:5)
  Blork the orc (D:6)
  2 kobold brigands (D:9)
  6 bullfrogs
  A gnoll sergeant (D:5)
  8 scorpions
  7 wights
  5 killer bees (D:9)
  4 electric eels (D:15)
  4 howler monkeys
  8 hounds
  4 jellies
  2 orc priests (D:7)
  An iguana (D:5)
  4 orc wizards
  11 gnolls
  4 adders
  A shadow imp (D:7)
  18 white imps
  2 ufetubi
  2 worms
  13 orcs
  6 ball pythons
  8 bats
  3 endoplasms
  2 giant cockroaches (D:3)
  5 goblins
  5 hobgoblins
  3 jackals (D:4)
  3 quokkas
  3 frilled lizards
  13 kobolds
  5 rats
519 creatures vanquished.

Vanquished Creatures (collateral kills)
  A merfolk siren (Shoals:2)
1 creature vanquished.

Vanquished Creatures (others)
  A vault guard (D:14)
  A merfolk aquamancer (Shoals:2)
  A skyshark (Shoals:1)
  A cane toad (Lair:3)
  A wind drake (Shoals:2)
  A hornet (Lair:5)
  3 fire bats (Gauntlet)
  A spriggan (Lair:5)
  A human (D:14)
  A yak (Lair:3)
  A hell hound (Gauntlet)
  A water moccasin (Lair:3)
  2 boggarts (Lair:5)
  A gnoll (D:5)
  2 kobolds (D:9)
  28 fungi
  89 plants
136 creatures vanquished.

Grand Total: 656 creatures vanquished

Notes
Turn   | Place    | Note
-------+----------+-------------------------------------------
     0 | D:1      | Lavandula the Human Monk began the quest for the Orb.
     0 | D:1      | Reached XP level 1. HP: 18/18 MP: 1/1
   129 | D:1      | Found Folon's Antique Armour Shoppe.
   161 | D:1      | Reached XP level 2. HP: 19/24 MP: 2/2
   804 | D:2      | Reached XP level 3. HP: 25/29 MP: 3/3
   928 | D:2      | Identified the +3 leather armour of the Iron City of Dis
                  | {rElec}
  1302 | D:3      | Found a hide-covered altar of Uskayaw.
  1381 | D:1      | Bought a runed leather armour for 115 gold pieces
  1547 | D:3      | Found a broken altar of Ashenzari.
  1592 | D:3      | Found a bloodstained altar of Trog.
  1613 | D:3      | Found a runed translucent gate.
  1614 | D:3      | Found a runed translucent gate.
  1614 | D:3      | Noticed Pascal76's ghost (amateur MfBe)
  1615 | D:3      | Found a runed translucent gate.
  1616 | D:3      | Noticed a kobold brigand
  1713 | D:3      | Reached XP level 4. HP: 22/35 MP: 4/4
  1813 | D:3      | Found an iron altar of Okawaru.
  1819 | D:3      | Found a burning altar of Makhleb.
  1822 | D:3      | Found a blossoming altar of Fedhas.
  1822 | D:3      | Found a shimmering altar of Xom.
  1829 | D:3      | Found a basalt altar of Yredelemnul.
  2030 | D:4      | Found a sacrificial altar of Ru.
  2114 | D:4      | Reached skill level 5 in Long Blades
  2125 | D:4      | Reached XP level 5. HP: 35/41 MP: 5/5
  2981 | D:5      | Entered Level 5 of the Dungeon
  3095 | D:5      | Noticed a centaur
  3115 | D:5      | Reached XP level 6. HP: 27/47 MP: 6/6
  3226 | D:5      | Noticed an ogre
  3300 | D:5      | Noticed an ogre
  3310 | D:5      | Killed an ogre
  3311 | D:5      | Reached XP level 7. HP: 47/52 MP: 7/7
  3369 | D:5      | Noticed a water moccasin
  3386 | D:5      | Killed a water moccasin
  3904 | D:5      | Reached skill level 5 in Evocations
  4094 | D:5      | Reached XP level 8. HP: 58/58 MP: 8/8
  4582 | D:5      | Found a staircase to the Ecumenical Temple.
  4649 | Temple   | Entered the Ecumenical Temple
  5311 | D:5      | Reached XP level 9. HP: 15/63 MP: 9/9
  6400 | D:6      | Reached skill level 5 in Throwing
  6445 | D:6      | Noticed Blork the orc
  6453 | D:6      | Killed Blork the orc
  7442 | D:7      | Reached skill level 5 in Short Blades
  7524 | D:7      | Noticed Menkaure
  7772 | D:7      | Killed Menkaure
  7992 | D:7      | Reached XP level 10. HP: 64/70 MP: 10/10
  8370 | D:8      | Noticed a death yak
  8373 | D:8      | Noticed a death yak
  8949 | D:9      | Noticed Psyche
  8955 | D:9      | Killed Psyche
  8958 | D:9      | Noticed Joseph
  9022 | D:9      | Killed Joseph
  9416 | D:9      | Reached skill level 10 in Short Blades
  9441 | D:8      | Found a snail-covered altar of Cheibriados.
  9513 | D:8      | Reached XP level 11. HP: 53/74 MP: 11/11
  9683 | D:8      | Found a shimmering blue altar of Sif Muna.
  9728 | D:8      | Found a white marble altar of Elyvilon.
  9733 | D:8      | Became a worshipper of Elyvilon the Healer
  9733 | D:8      | Reached * piety under Elyvilon
  9733 | D:8      | Reached ** piety under Elyvilon
  9761 | D:8      | Found a glowing silver altar of Zin.
 10032 | D:8      | Found an ancient bone altar of Kikubaaqudgha.
 10249 | D:8      | Found a staircase to the Lair.
 10293 | D:8      | Noticed a death yak
 10307 | D:9      | Noticed Gastronok
 10337 | D:9      | Killed Gastronok
 10338 | D:9      | Reached skill level 5 in Fighting
 10749 | D:9      | Noticed a deep elf pyromancer
 10758 | D:9      | Killed a deep elf pyromancer
 11571 | D:10     | Entered Level 10 of the Dungeon
 11674 | D:10     | Reached *** piety under Elyvilon
 11685 | D:10     | Found a transporter.
 11685 | D:10     | Found a transporter.
 11985 | D:10     | Found a viscous altar of Jiyva.
 11995 | D:10     | Found Inosu's Armour Boutique.
 11997 | D:10     | Found a staircase to the Orcish Mines.
 12192 | D:10     | Found Cayzes's Weapon Boutique.
 12394 | D:10     | Reached XP level 12. HP: 79/95 MP: 12/12
 12541 | D:11     | Noticed Grum
 12557 | D:11     | Killed Grum
 12720 | D:11     | Noticed Amaemon
 12727 | D:11     | Killed Amaemon
 12849 | D:11     | Reached skill level 10 in Fighting
 12904 | D:11     | Reached **** piety under Elyvilon
 12958 | D:11     | Noticed a two-headed ogre
 12976 | D:11     | HP: 2/97 [two-headed ogre/+0 giant club (19)]
 12980 | D:11     | Killed a two-headed ogre
 13688 | D:12     | Noticed a catoblepas
 13719 | D:12     | Banished a catoblepas
 14208 | D:12     | Reached skill level 1 in Armour
 14483 | D:12     | Reached skill level 2 in Armour
 14516 | D:12     | Reached skill level 3 in Armour
 14517 | D:12     | Noticed a five-headed hydra
 14523 | D:12     | Noticed a shock serpent
 14716 | D:12     | Noticed a glowing orange brain
 14925 | D:13     | Noticed a boulder beetle
 14937 | D:13     | Killed a boulder beetle
 14938 | D:13     | Reached skill level 4 in Armour
 14998 | D:13     | Reached ***** piety under Elyvilon
 15006 | D:13     | Noticed a skeletal warrior
 15006 | D:13     | Noticed a skeletal warrior
 15006 | D:13     | Noticed a skeletal warrior
 15006 | D:13     | Noticed a skeletal warrior
 15006 | D:13     | Noticed a skeletal warrior
 15048 | D:12     | Killed a skeletal warrior
 15096 | D:9      | Reached skill level 5 in Armour
 15319 | D:8      | Banished a death yak
 15320 | D:8      | Reached skill level 1 in Spellcasting
 15333 | D:8      | Banished a death yak
 15341 | D:8      | Killed a death yak
 15343 | D:8      | Reached XP level 13. HP: 52/106 MP: 13/18
 15368 | Lair:1   | Entered Level 1 of the Lair of Beasts
 15496 | Lair:1   | Reached skill level 5 in Spellcasting
 15677 | Lair:1   | Found a dark tunnel.
 15686 | Volcano  | Entered a volcano
 16408 | Volcano  | HP: 2/106 [salamander/+0 halberd (12)]
 17463 | Lair:2   | Found a frozen archway.
 17535 | IceCv    | Entered an ice cave
 18010 | IceCv    | Reached skill level 1 in Invocations
 18232 | IceCv    | Reached skill level 6 in Armour
 18503 | IceCv    | Reached XP level 14. HP: 106/113 MP: 27/27
 18556 | IceCv    | Reached skill level 5 in Invocations
 19874 | Lair:3   | Found a hole to the Spider Nest.
 20601 | Lair:3   | Gained mutation: You are weak. (Str -2) [potion of
                  | mutation]
 20601 | Lair:3   | Gained mutation: You sometimes lose your temper in combat.
                  | [potion of mutation]
 20601 | Lair:3   | Gained mutation: You are partially covered in iridescent
                  | scales. (AC +2) [potion of mutation]
 20602 | Lair:3   | Lost mutation: You are partially covered in iridescent
                  | scales. (AC +2) [potion of mutation]
 20602 | Lair:3   | Lost mutation: You sometimes lose your temper in combat.
                  | [potion of mutation]
 20602 | Lair:3   | Lost mutation: You are weak. (Str -2) [potion of mutation]
 20602 | Lair:3   | Gained mutation: You have sharp toenails. [potion of
                  | mutation]
 20602 | Lair:3   | Gained mutation: You passively map a small area around you.
                  | [potion of mutation]
 20602 | Lair:3   | Gained mutation: Your spells are a little harder to cast,
                  | but a little more powerful. [potion of mutation]
 21251 | Lair:3   | Reached skill level 10 in Invocations
 21918 | Lair:4   | Reached skill level 7 in Armour
 22445 | Lair:4   | Reached ****** piety under Elyvilon
 22488 | Lair:4   | Reached skill level 8 in Armour
 22521 | Lair:4   | Found a staircase to the Slime Pits.
 23218 | Lair:5   | Entered Level 5 of the Lair of Beasts
 23234 | Lair:5   | Reached XP level 15. HP: 92/119 MP: 28/28
 23732 | Lair:5   | Reached skill level 9 in Armour
 24554 | Lair:5   | Reached skill level 10 in Armour
 24557 | Lair:5   | Learned a level 2 spell: Blink
 24559 | Lair:5   | Learned a level 1 spell: Apportation
 25230 | Lair:5   | Found the +3 pair of mountain boots {steadfast, rC+}
 25389 | Lair:5   | Reached skill level 11 in Armour
 25937 | D:13     | Found Wirchu's Distillery.
 25945 | D:13     | Bought a potion of curing for 45 gold pieces
 25945 | D:13     | Bought a potion of curing for 45 gold pieces
 25945 | D:13     | Bought a potion of berserk rage for 75 gold pieces
 25945 | D:13     | Bought a potion of degeneration for 15 gold pieces
 25945 | D:13     | Bought a potion of might for 60 gold pieces
 25945 | D:13     | Bought a potion of mutation for 120 gold pieces
 26311 | D:14     | HP: 5/119 [skeletal warrior/+0 scimitar (16)]
 26475 | D:14     | Found a gate leading to a gauntlet.
 26484 | Gauntlet | Entered a Gauntlet
 26484 | Gauntlet | Found a transporter.
 26484 | Gauntlet | Found a transporter.
 26500 | Gauntlet | Found a transporter.
 26504 | Gauntlet | Found a transporter.
 26514 | Gauntlet | Found a transporter.
 26518 | Gauntlet | Found a transporter.
 26528 | Gauntlet | Found a transporter.
 26550 | Gauntlet | Found a transporter.
 26568 | Gauntlet | Found a transporter.
 26572 | Gauntlet | Found a transporter.
 26582 | Gauntlet | Found a transporter.
 26586 | Gauntlet | Found a transporter.
 26731 | Gauntlet | Gained mutation: You are frail. (-10% HP) [a shining eye]
 26734 | Gauntlet | Paralysed by a floating eye for 4 turns
 26743 | Gauntlet | Gained mutation: You occasionally lose the ability to read
                  | scrolls when taking damage. [a shining eye]
 26746 | Gauntlet | Gained mutation: You are dopey. (Int -2) [a shining eye]
 26752 | Gauntlet | Reached skill level 12 in Armour
 26803 | Gauntlet | Identified the ring of the Enemy {rElec EV+5 Str+3 Int+2}
 26816 | Gauntlet | a minotaur changed into an emperor scorpion
 26816 | Gauntlet | Noticed an emperor scorpion
 26823 | Gauntlet | Pacified an emperor scorpion
 26903 | Gauntlet | Got the Lectures on the Singularity
 27261 | D:14     | Noticed Frances
 27267 | D:14     | Noticed Jorgrun
 27279 | D:15     | Entered Level 15 of the Dungeon
 27533 | D:15     | Reached skill level 13 in Armour
 27557 | D:15     | Found Kuruneb's Weapon Boutique.
 28151 | Shoals:1 | Entered Level 1 of the Shoals
 28771 | Shoals:1 | HP: 3/107 [drowned by a drowned soul[a merfolk avatar]
                  | (16)]
 28775 | Shoals:1 | Upgraded the game from 0.30-a0-777-ga9a30cbeda to
                  | 0.30-a0-778-g2ef04afb54
 28779 | Shoals:1 | Reached XP level 16. HP: 43/112 MP: 15/29
 29529 | Shoals:1 | Reached skill level 14 in Armour
 30570 | Shoals:2 | Reached skill level 15 in Armour
 30780 | Shoals:2 | HP: 5/112 [merfolk/+0 spear[a merfolk impaler] (12)]
 30782 | Shoals:2 | HP: 2/112 [merfolk/+0 spear[a merfolk impaler] (4)]
 31545 | D:3      | Killed Pascal76's ghost
 32249 | D:13     | Reached skill level 5 in Dodging
 33078 | D:15     | Reached skill level 5 in Shields
 33689 | D:15     | Found a staircase to the Depths.
 33726 | Depths:1 | Entered Level 1 of the Depths
 33747 | Depths:1 | Found a hazy altar of Hepliaklqana.
 34071 | D:15     | Reached XP level 17. HP: 117/117 MP: 30/30
 34573 | Spider:1 | Entered Level 1 of the Spider Nest
 34686 | D:10     | Bought a +2 chain mail of poison resistance for 259 gold
                  | pieces
 35432 | Spider:1 | Elyvilon protects you from harm!
 37093 | Shoals:3 | Found Gyiha's Weapon Emporium.
 37166 | Shoals:2 | Slain by a merfolk impaler

Illustrated notes

Levels and vault maps discovered:
D:1:      spicycebolla_green_bress_n_ham_2, layout_basic, serial_shops,
          nicolae_shop_temple_entry_statues_fountains
D:2:      layout_basic, serial_bayou_crossing
D:3:      layout_basic, nicolae_overflow_hallway_of_the_gods,
          nicolae_uskayaw_dance_hall, evilmike_ruin_ashenzari,
          mainiacjoe_overflow_cross_hatched, gammafunk_ghost_nasty_kobolds
D:4:      layout_basic, old_standard_altar
D:5:      old_forge, layout_layer_cave, temple_statues
D:6:      kennysheep_spiral_hall, layout_loops_corners, roderic_roman_lattice,
          uniq_blork_the_orc
D:7:      layout_loops_ring, uniq_menkaure
D:8:      layout_loops_corners, mainiacjoe_overflow_chevrons,
          cheibriados_altar_1, mainiacjoe_overflow_two_lobes,
          mainiacjoe_overflow_alcove_1, dpeg_lair_monsters, item_on_display_a
D:9:      layout_layer_cave, glass_columns_c, minmay_between, uniq_gastronok,
          uniq_psyche, uniq_joseph
D:10:     gammafunk_jiyva_shrine, layout_basic, orc_david_3
D:11:     layout_cave_pools, hangedman_decor_diamond_cutter, uniq_amaemon,
          uniq_grum
D:12:     layout_irregular_city, nrook_campfire,
          onia_ninara_dug_in_and_dangerous
D:13:     layout_gridville, serial_shops, shop
D:14:     layout_cave_pools, ximxim_vaults_locker_room, gauntlet_entry_generic,
          uniq_jorgrun, uniq_frances
D:15:     grunt_enter_depths_snipers, layout_basic, serial_shops,
          nicolae_shop_bloodbath_and_beyond, serial_bayou, serial_bayou_pond_c,
          serial_bayou_shore_a, serial_bayou_lagoon_a, serial_bayou_pond_a,
          chequers_decorated_corner, corner_web_ring
Temple:   hellmonk_temple_forest_ring
Lair:1:   layout_small_grid, nicolae_volcano_entry_hallway, grunt_megastairs_4
Lair:2:   layout_gridlike, nicolae_shoals_entry_flooding,
          portal_ice_cave_entry_imps, grunt_megastairs_5, serial_bayou_shore_b
Lair:3:   beast_lair_carwin_large_4, layout_regular_city,
          nicolae_spider_entry_orb_guardian, nzn_random_ring, lemuel_fruit_tree
Lair:4:   layout_small_grid, nicolae_slime_entry_slimehenge
Lair:5:   minmay_lair_end_enchanted_forest, layout_long_grid,
          serial_bayou_shore_b, lemuel_fruit_fields
Shoals:1: layout_shoals
Shoals:2: layout_shoals, nicolae_shoals_songs
Shoals:3: layout_shoals, serial_shops, shop
Spider:1: layout_chambers, hangedman_spider_tarantella_strand
Depths:1: layout_gridlike, hell_entry, abyss_entry, serial_shops,
          nicolae_shop_waterfront, kennysheep_flooded_box,
          nicolae_hepliaklqana_hazy_memory, serial_bayou_shore_b,
          kennysheep_random_hallway

Skill      XL: |  1  2  3  4  5  6  7  8  9 10 11 12 13 14 15 16 17 |
---------------+----------------------------------------------------+-----
Long Blades    | 4 5 6 8 |  8.0
Evocations     | 3 6 |  6.0
Throwing       | 3 5 |  5.0
Short Blades   | 7 10 11 | 11.1
Shields        | 4 6 9 |  9.6
Fighting       | 9 11 | 11.3
Armour         | 5 6 8 13 15 | 15.6
Spellcasting   | 3 9 |  9.2
Invocations    | 3 11 | 11.0
Dodging        | 6 |  6.3
Stealth        | |  2.0

Action                     |  1- 3 |  4- 6 |  7- 9 | 10-12 | 13-15 | 16-18 || total
---------------------------+-------+-------+-------+-------+-------+-------++-------
  Melee: Falchion          |   111 |   109 |   249 |       |       |       ||   469
         Punch             |     1 |     1 |     4 |       |       |       ||     6
         Rapier            |       |       |    95 |   289 |       |       ||   384
         Dagger            |       |       |       |   350 |  1842 |   902 ||  3094
  Throw: Boomerang         |       |       |    20 |    17 |    23 |    41 ||   101
         Dart              |       |       |       |    19 |    15 |     3 ||    37
 Invoke: Heal Self         |       |       |       |       |    14 |     4 ||    18
         Heal Other        |       |       |       |       |    21 |    20 ||    41
  Evoke: Wand              |       |     3 |     6 |    10 |    11 |     8 ||    38
         Tin of tremorston |       |       |       |       |     2 |     2 ||     4
         Phantom mirror    |       |       |       |       |     1 |     2 ||     3
    Use: Scroll            |       |       |    10 |     7 |    13 |     6 ||    36
         Potion            |       |       |     1 |     2 |     5 |     6 ||    14
   Stab: Sleeping          |     5 |       |     3 |     2 |       |       ||    10
         Distracted        |     1 |       |       |       |       |       ||     1
 Armour: Robe              |     8 |       |       |       |       |       ||     8
         Leather armour    |     4 |    41 |   107 |   101 |       |       ||   253
         Acid dragon scale |       |       |       |     6 |    81 |       ||    87
         Crystal plate arm |       |       |       |       |   781 |   258 ||  1039
         Chain mail        |       |       |       |       |       |    52 ||    52
  Dodge: Dodged            |    49 |    69 |   167 |   175 |   214 |   262 ||   936
  Block: Other             |    14 |    32 |    83 |       |       |       ||   129
         Reflection        |       |     1 |       |     7 |    16 |    37 ||    61
         Buckler           |       |       |       |   185 |   586 |   197 ||   968
         Kite shield       |       |       |       |       |       |   230 ||   230

Table legend: (Time is in decaauts)
 A = Elapsed time spent in this place.
 B = Non-inter-level travel time spent in this place.
 C = Inter-level travel time spent in this place.
 D = Time resting spent in this place.
 E = Time spent auto-exploring this place.
 F = Levels seen in this place.
 G = Mean time per level.
                   A        B        C        D        E       F      G
               +--------+--------+--------+--------+--------+-----+--------+
         Total |  35877 |  33818 |   2059 |   9138 |  17083 |  29 | 1237.1 |
       Dungeon |  19991 |  18512 |   1479 |   3897 |  11002 |  15 | 1332.7 |
        Temple |    166 |    148 |     18 |      0 |    140 |   1 |  166.0 |
          Lair |   8846 |   8351 |    495 |   2231 |   4563 |   5 | 1769.2 |
        Shoals |   4155 |   4092 |     63 |   2113 |    641 |   3 | 1385.0 |
   Spider Nest |    292 |    289 |      3 |     88 |     85 |   1 |  292.0 |
        Depths |    147 |    147 |      0 |      4 |     20 |   1 |  147.0 |
      Ice Cave |    979 |    979 |      0 |     48 |    631 |   1 |  979.0 |
       Volcano |    905 |    905 |      0 |    681 |      0 |   1 |  905.0 |
      Gauntlet |    393 |    393 |      0 |     75 |      0 |   1 |  393.0 |
               +--------+--------+--------+--------+--------+-----+--------+

Top non-repeatable levels by time:
     D:5: 2752 daAuts
     D:9: 2536 daAuts
Shoals:1: 2438 daAuts
  Lair:3: 2321 daAuts
  Lair:5: 2136 daAuts
  Lair:4: 1983 daAuts
     D:6: 1645 daAuts
    D:12: 1554 daAuts
Shoals:2: 1520 daAuts
    D:15: 1457 daAuts
    D:10: 1436 daAuts
     D:8: 1381 daAuts
    D:13: 1371 daAuts
  Lair:1: 1252 daAuts
  Lair:2: 1153 daAuts
